 Dungeon Crawl Stone Soup version 0.13-a0-2911-g4e06f6f (webtiles) character file.

81 JacquesDerrida the Magician (level 3, 19/19 HPs)
             Began as an Octopode Wizard on Sept 1, 2013.
             Quit the game on Level 1 of the Dungeon on Sept 2, 2013.
             The game lasted 00:01:24 (833 turns).

JacquesDerrida the Magician (Octopode Wizard)        Turns: 833, Time: 00:01:24

HP  19/19        AC  1     Str  7      XL: 3   Next:  0%
MP   9/9         EV 12     Int 20      God:
Gold 58          SH  0     Dex 10      Spells:  1 memorised,  7 levels left

Res.Fire  : . . .   See Invis. : .   (no weapon)
Res.Cold  : . . .   Warding    : .   (no shield)
Life Prot.: . . .   Conserve   : .   b - +0 wizard hat
Res.Poison: .       Res.Corr.  : .   (no amulet)
Res.Elec. : .       Clarity    : .   (no ring)
Sust.Abil.: . .     Spirit.Shd : .   (no ring)
Res.Mut.  : .       Stasis     : .   (no ring)
Res.Rott. : .       Flight     : .   (no ring)
Saprovore : . . .                    (no ring)
                                     (no ring)
                                     (no ring)
                                     (no ring)

@: not resistant to hostile enchantments, stealthy
A: almost no armour, amphibious, 8 rings, constrict 8, camouflage 1, AC +1
a: no special abilities


You were on level 1 of the Dungeon.
You were not hungry.

You visited 1 branch of the dungeon, and saw 1 of its levels.

You collected 38 gold pieces.

Inventory:

Armour
 b - a +0 wizard hat (worn)
Comestibles
 d - a bread ration
 j - a chunk of goblin flesh
Scrolls
 e - a scroll of teleportation {unknown}
 h - a scroll of fear {unknown}
 k - a scroll of magic mapping {unknown}
Potions
 a - 2 potions of heal wounds {unknown}
 f - a potion of curing {unknown}
 g - a potion of might {unknown}
 i - a potion of invisibility {unknown}
Books
 c - a book of Minor Magic

   Spells                             Type                      Level
   *Magic Dart                        Conjuration                  1
   Blink                              Translocation                2
   Call Imp                           Summoning                    2
   Repel Missiles                     Charms/Air                   2
   Slow                               Hexes                        2
   Conjure Flame                      Conjuration/Fire             3
   Mephitic Cloud                     Conjuration/Poison/Air       3


   Skills:
 - Level 2.0 Dodging
 - Level 2.6 Stealth
 - Level 3.0 Spellcasting
 + Level 2.8 Conjurations
   Level 1.0 Summonings
   Level 1.0 Translocations


You had 7 spell levels left.
You knew the following spells:

 Your Spells              Type           Power        Failure   Level  Hunger
a - Magic Dart            Conj           ##..         4%          1    None


Dungeon Overview and Level Annotations

Branches:
Dungeon (1/27)

Altars:


Innate Abilities, Weirdness & Mutations

You cannot wear most types of armour.
You are amphibious.
You can wear up to eight rings at the same time.
You can use your tentacles to constrict many enemies at once.
Your skin changes colour to match your surroundings (Stlth).
Your rubbery body absorbs attacks (AC +1).


Message History

You kill the goblin!
You have reached level 3!
Your experience leads to an increase in your attributes!
Increase (S)trength, (I)ntelligence, or (D)exterity?
You feel stronger.
Things that are here:
an orcish dagger; a goblin corpse You start butchering the goblin corpse with your knife.
You continue butchering the corpse.
You finish chopping the goblin corpse into pieces.
j - a chunk of goblin flesh You see here an orcish dagger.
Unknown command.
You see here a whip.
You start resting.
Magic restored.
k - a scroll labeled VEYMUE TYAM Welcome back, JacquesDerrida the Octopode Wizard.
Press ? for a list of commands and other information.
Are you sure you want to abandon this character and quit the game? (Confirm with "yes".)

#...............#
######...###...###...#
.....##### ##### ##.##
.....#...###...###...#
.....#...............#
.....#...###...###...#
.....##'##############
.....)%.##.......#
......####......@#
....### ##.......#
##.......$.......#
#..############.# #..#
#.# #... #.# ... #.# .
#.# #.#


There were no monsters in sight!

Vanquished Creatures
  A giant gecko (D:1)
  An ooze (D:1)
  5 bats (D:1)
  3 hobgoblins (D:1)
  3 jackals (D:1)
  A kobold (D:1)
  2 goblins (D:1)
  3 rats (D:1)
19 creatures vanquished.

Notes
Turn   | Place    | Note
--------------------------------------------------------------
     0 | D:1      | JacquesDerrida, the Octopode Wizard, began the quest for the Orb.
     0 | D:1      | Reached XP level 1. HP: 9/9 MP: 5/5
   359 | D:1      | Reached XP level 2. HP: 15/15 MP: 7/7
   728 | D:1      | Reached XP level 3. HP: 19/19 MP: 1/9
   833 | D:1      | Quit the game

Action                   || total
-------------------------++-------
Melee: Unarmed           ||     9
 Cast: Magic Dart        ||    44
